 Dungeon Crawl Stone Soup version 0.28-a0-474-g535839065c (webtiles) character file.

Game seed: 10349584777491658782

350 mg7810 the Chopper (level 6, 0/55 HPs)
             Began as a Minotaur Fighter on Sept 16, 2021.
             Slain by Pikel (8 damage)
             ... on level 4 of the Dungeon.
             The game lasted 00:08:36 (2483 turns).

mg7810 the Chopper (Minotaur Fighter)               Turns: 2483, Time: 00:08:36

Health: 0/55       AC:  9    Str: 23    XL:     6   Next: 34%
Magic:  5/5        EV: 10    Int:  5    God:
Gold:   145        SH:  4    Dex:  9    Spells: 5/5 levels left

rFire   . . .      SeeInvis .   a - +0 war axe
rCold   . . .      Faith    .   c - +0 buckler
rNeg    . . .      Spirit   .   b - +0 scale mail
rPois   .          Reflect  .   (helmet restricted)
rElec   .          Harm     .   (no cloak)
rCorr   .          Rampage  .   (no gloves)
Will    .....                   i - +1 pair of boots
Stlth   ..........              (no amulet)
HPRegen 0.18/turn               (no ring)
MPRegen 0.09/turn               (no ring)

@: no status effects
A: horns 2, retaliatory headbutt
a: no special abilities


You were on level 4 of the Dungeon.
You visited 1 branch of the dungeon, and saw 4 of its levels.

You collected 145 gold pieces.

Inventory:

Hand Weapons
 a - a +0 war axe (weapon)
Armour
 b - a +0 scale mail (worn)
 c - a +0 buckler (worn)
 i - a +1 pair of boots (worn)
Scrolls
 f - a scroll of vulnerability {unknown}
 j - 3 scrolls of teleportation {unknown}
 k - a scroll of enchant weapon {unknown}
 l - 4 scrolls of identify {unknown}
 m - a scroll of magic mapping {unknown}
 n - 2 scrolls of noise {unknown}
 p - a scroll of fear {unknown}
Potions
 e - a potion of mutation {unknown}
 g - a potion of magic {unknown}
 h - 3 potions of curing
 o - a potion of resistance {unknown}


   Skills:
 + Level 4.8 Fighting
 + Level 6.0 Axes
 + Level 4.8 Armour
 + Level 1.1 Dodging
 + Level 4.3 Shields
 + Level 1.0 Unarmed Combat


You had 5 spell levels left.
You didn't know any spells.
Your spell library contained the following spells:

 Spells                   Type           Power      Damage    Failure   Level
 Animate Skeleton         Necr           0%         N/A       78%         1
 Magic Dart               Conj           0%         1d3       78%         1
 Searing Ray              Conj           0%         2d4       89%         2
 Fulminant Prism          Conj/Hex       0%         3d6       100%        4


Dungeon Overview and Level Annotations

Branches:
Dungeon (4/15)
 Temple: D:4-7

Altars:

Annotations:
D:3 1 runed translucent door
D:4 Pikel


Innate Abilities, Weirdness & Mutations

You have a pair of horns on your head.
You reflexively headbutt those who attack you in melee.


Message History

You slash Pikel!
Pikel is heavily wounded.
You slash the lemure! You hit the lemure. You closely miss the lemure.
The lemure hits you but does no damage. The lemure hits you.
The lemure misses you. Pikel barely misses you. The lemure barely misses you.
You hit Pikel but do no damage. You headbutt Pikel.
Pikel is severely wounded.
You slash the lemure!
You barely miss the lemure. x2; You hit the lemure.
The lemure closely misses you. x2; The lemure hits you but does no damage.
Pikel hits you with a +2 whip of freezing.
Pikel freezes you. You block the lemure's attack.
The lemure hits you but does no damage. The lemure hits you.
You barely miss Pikel.
Pikel is severely wounded.
Your scale mail prevents you from hitting the lemure. x2
You hit the lemure but do no damage. You completely miss the lemure.
The lemure misses you.
Pikel hits you with a +2 whip of freezing!
* * * LOW HITPOINT WARNING * * *
Pikel freezes you.
* * * LOW HITPOINT WARNING * * *
The lemure hits you.
* * * LOW HITPOINT WARNING * * *
You block the lemure's attack. The lemure barely misses you.
The lemure closely misses you. You furiously retaliate!
You headbutt the lemure.
It was a potion of curing.
You feel better.
Pikel hits you with a +2 whip of freezing.
* * * LOW HITPOINT WARNING * * *
Pikel freezes you.
* * * LOW HITPOINT WARNING * * *
The lemure hits you.
* * * LOW HITPOINT WARNING * * *
The lemure hits you but does no damage. x2; The lemure hits you.
* * * LOW HITPOINT WARNING * * *
You barely miss Pikel. Your headbutt misses Pikel.
Pikel is severely wounded.
You hit the lemure but do no damage. You slash the lemure!
You hit the lemure. x2
Pikel hits you with a +2 whip of freezing!
You die...

###########
#.....5@5.###
#.###.K55.<.#
#.###.#.#
#.#.###.###.#<####(
.......<##........#
#.#.###..5..#.####.
#.###.#.# #.. ....#
... ..###


You could see Pikel and 4 lemures.

Vanquished Creatures
  The ghost of Dittersdorf the Covered, an amateur GrFi (D:3)
  A hound (D:3)
  Jessica (D:3)
  A bullfrog skeleton (D:2)
  An orc wizard (D:3)
  Robin (D:3)
  6 adders (D:2)
  4 worms
  A dart slug (D:2)
  6 orcs (D:3)
  A ball python (D:3)
  7 bats
  4 endoplasms
  3 giant cockroaches
  16 goblins
  9 hobgoblins
  7 kobolds
  4 quokkas
  4 frilled lizards
  5 rats
83 creatures vanquished.

Notes
Turn   | Place    | Note
-------+----------+-------------------------------------------
     0 | D:1      | mg7810 the Minotaur Fighter began the quest for the Orb.
     0 | D:1      | Reached XP level 1. HP: 19/19 MP: 0/0
   151 | D:1      | Reached XP level 2. HP: 27/27 MP: 1/1
   748 | D:2      | Reached skill level 3 in Axes
   755 | D:2      | Reached XP level 3. HP: 32/33 MP: 2/2
   827 | D:2      | Reached XP level 4. HP: 40/40 MP: 3/3
   914 | D:2      | Reached skill level 4 in Axes
  1518 | D:3      | Reached XP level 5. HP: 46/47 MP: 4/4
  1523 | D:3      | Reached skill level 1 in Unarmed Combat
  1558 | D:3      | Found a runed translucent door.
  1563 | D:3      | Noticed Dittersdorf's ghost (amateur GrFi)
  1824 | D:3      | Reached skill level 5 in Axes
  1885 | D:3      | Noticed Robin
  1894 | D:3      | Killed Robin
  1895 | D:3      | Reached skill level 1 in Dodging
  1991 | D:3      | Noticed Jessica
  1994 | D:3      | Killed Jessica
  2002 | D:3      | Found a faded altar of an unknown god.
  2006 | D:3      | Got Plato's Reference Book on Stolen Souls
  2021 | D:3      | Found a runed translucent door.
  2067 | D:3      | Reached XP level 6. HP: 53/53 MP: 5/5
  2414 | D:3      | Killed Dittersdorf's ghost
  2416 | D:3      | Reached skill level 6 in Axes
  2475 | D:4      | Noticed Pikel
  2483 | D:4      | Slain by Pikel

Illustrated notes

Levels and vault maps discovered:
D:1:      wander_arrival_chamber, layout_loops_ring
D:2:      minmay_recursive_quarters, layout_basic
D:3:      layout_basic, shapermc_ecumenical_altar_rom_forum,
          ebering_ghost_sewer_f, hangedman_decor_riveting, uniq_jessica,
          uniq_robin
D:4:      layout_loops_cross, overflow_temple_1_default, temple_statues,
          uniq_ijyb, uniq_pikel

Skill      XL: |  1  2  3  4  5  6 |
---------------+-------------------+-----
Armour         | 4 |  4.8
Shields        | 4 |  4.3
Axes           | 3 4 5 6 |  6.0
Fighting       | 4 |  4.8
Unarmed Combat | 1 |  1.0
Dodging        | 1 |  1.1

Action                   |  1- 3 |  4- 6 || total
-------------------------+-------+-------++-------
Melee: War axe           |    54 |   124 ||   178
       Headbutt          |     4 |    21 ||    25
  Use: Potion            |       |     2 ||     2
Armor: Scale mail        |    23 |    54 ||    77
Dodge: Dodged            |    26 |    75 ||   101
Block: Buckler           |    11 |    18 ||    29

Table legend: (Time is in decaauts)
 A = Elapsed time spent in this place.
 B = Non-inter-level travel time spent in this place.
 C = Inter-level travel time spent in this place.
 D = Time resting spent in this place.
 E = Time spent auto-exploring this place.
 F = Levels seen in this place.
 G = Mean time per level.
                   A        B        C        D        E       F      G
               +--------+--------+--------+--------+--------+-----+--------+
         Total |   2540 |   2477 |     63 |      0 |   1842 |   4 |  635.0 |
       Dungeon |   2540 |   2477 |     63 |      0 |   1842 |   4 |  635.0 |
               +--------+--------+--------+--------+--------+-----+--------+

Top non-repeatable levels by time:
     D:3: 985 daAuts
     D:2: 865 daAuts
     D:1: 674 daAuts
     D:4: 15 daAuts
